 Dungeon Sprint DCSS version 0.27.1-34-g3ba077fa99 (webtiles) character file.

Game seed: 17139154701587560347

7915 boopmooplesden the Peltast (level 11, -2/112 HPs)
             Began as a Minotaur Fighter on Jan 17, 2022.
             Was a High Priest of Okawaru.
             Slain by a bone dragon (19 damage)
             ... in the Dungeon (Sprint II: "The Violet Keep of Menkaure").
             The game lasted 00:10:19 (2239 turns).

boopmooplesden the Peltast (Minotaur Fighter)       Turns: 2239, Time: 00:10:19

Health: -2/112     AC: 23    Str: 22    XL:     11   Next: 3%
Magic:  12/12      EV:  9    Int:  5    God:    Okawaru [*****.]
Gold:   507        SH: 15    Dex: 12    Spells: 10/10 levels left

rFire    + . .     SeeInvis +   a - +1 long sword (vamp)
rCold    + . .     Faith    .   c - +1 kite shield
rNeg     . . .     Spirit   .   y - +3 plate armour {Will+}
rPois    +         Reflect  .   (helmet restricted)
rElec    +         Harm     .   l - scarf {repulsion}
rCorr    +         Rampage  .   (no gloves)
Will     +....     NoTele   +   d - +2 pair of boots
Stlth    ..........             (no amulet)
HPRegen  0.28/turn              m - ring of see invisible
MPRegen  0.13/turn              (no ring)

@: resistant, hasted, repel missiles, very quick
A: horns 2, retaliatory headbutt
a: Renounce Religion, Heroism, Finesse


You were in the Dungeon.
You worshipped Okawaru.
Okawaru was extremely pleased with you.
You visited 1 branch You collected 1934 gold pieces.
You spent 1427 gold pieces at shops.

Inventory:

Hand Weapons
 a - a +1 vampiric long sword (weapon)
Missiles
 s - 3 javelins (quivered)
Armour
 b - a +0 scale mail
 c - a +1 kite shield (worn)
 d - a +2 pair of boots (worn)
 f - a +2 cloak
 l - a scarf of repulsion (worn)
 r - a +2 chain mail of willpower
 y - a +3 plate armour of willpower (worn)
Jewellery
 m - a ring of see invisible (left hand)
Scrolls
 j - a scroll of blinking
 k - a scroll of holy word
Potions
 e - 3 potions of curing
 h - 6 potions of magic
 i - 2 potions of flight
 q - 3 potions of mutation
 x - 2 potions of resistance


   Skills:
 + Level 15.3 Fighting
 + Level 15.0 Long Blades
 + Level 14.4 Armour
 + Level 5.6 Dodging
 + Level 2.0 Stealth
 + Level 16.2 Shields
 + Level 2.8 Invocations


You had 10 spell levels left.
You didn't know any spells.
Your spell library contained the following spells:

 Spells                   Type           Power      Damage    Failure   Level
 Foxfire                  Conj/Fire      0%         2x1d4     99%         1
 Summon Small Mammal      Summ           0%         N/A       99%         1
 Slow                     Hex            0%         N/A       100%        2
 Call Canine Familiar     Summ           0%         N/A       100%        3
 Confusing Touch          Hex            0%         N/A       100%        3
 Conjure Flame            Conj/Fire      0%         6-21      100%        3
 Inner Flame              Hex/Fire       0%         N/A       100%        3
 Summon Guardian Golem    Hex/Summ       0%         N/A       100%        3
 Vampiric Draining        Necr           0%         2d6       100%        3


Dungeon Overview and Level Annotations

Branches:
Dungeon (1/1)

Altars:
Cheibriados
Dithmenos
Elyvilon
Fedhas
Gozag
Hepliaklqana
Kikubaaqudgha
Makhleb
Nemelex Xobeh
Okawaru
Qazlal
Ru
Sif Muna
Trog
Uskayaw
Vehumet
Wu Jian
Xom
Yredelemnul
Zin
The Shining One
Beogh
Jiyva
Lugonu

Shops:
D [!:[?(=!!([=[:(

Annotations:
D exclusion: oklob plant


Innate Abilities, Weirdness & Mutations

You have a pair of horns on your head.
You reflexively headbutt those who attack you in melee.


Message History

The storm dragon breathes lightning at you.
The bolt of lightning hits you! You resist.
* * * LOW HITPOINT WARNING * * *
The bolt of lightning misses you.
The bolt of lightning hits the storm dragon.
The storm dragon completely resists.
The storm dragon bites you but does no damage.
The storm dragon claws you but does no damage.
The storm dragon tramples you but does no damage.
A deep elf high priest comes into view. It is wielding a +0 scimitar.
The deep elf high priest shouts!
The bone dragon barely misses you.
You riposte.
You hit the bone dragon but do no damage.
The bone dragon is lightly damaged.
You block the bone dragon's attack. x2
The deep elf high priest calls down the wrath of its god upon you.
Something smites you!
* * * LOW HITPOINT WARNING * * *
Some rock shatters into small pieces.
The cacodemon gestures at the rock wall.
Some rock shatters into small pieces.
There is an open door, spattered with blood here.
You see here 17 arrows.
You feel better. You block the bone dragon's attack. x3
You feel yourself speed up.
The bone dragon bites you but does no damage.
You block the bone dragon's attack. x2
You hit the bone dragon. You headbutt the bone dragon.
The bone dragon is lightly damaged.
The bone dragon misses you. You block the bone dragon's attack. x2
You slice the bone dragon!!
The bone dragon is moderately damaged.
You hit the bone dragon but do no damage.
The bone dragon is moderately damaged.
You feel like a meek peon again.
You hit the bone dragon but do no damage.
You headbutt the bone dragon.
The bone dragon is moderately damaged.
The bone dragon bites you!!
You die...

##.∩.∩.∩..#≈##.#.#'..#.##..#,
##..∩.∩....≈#....#.#....#..#,
##...⌠....'≈'#..'.<.'...'..##
##........#≈.....#.##.).#....
#▓▓▓▓▓▓▓###≈...#..'###.##..§.
##$lG######≈≈#.#....####≈≈...
#$)l#s,+,##eD≈D.....#§≈≈≈≈§≈
#∩P$+.$*+*#D#≈.2....#≈≈≈≈≈≈≈
#$.!#)##≈*#@#D≈#.'#.≈≈≈§§≈≈≈
#[$?###○§≈####≈≈≈≈≈≈≈≈§≈≈≈≈§
##+###°°≈§≈*,#+++#+++#≈≈≈≈§§
*,,,**≈≈≈≈≈***,.°°.°,##§§≈##
**+***≈≈≈≈≈**°.°..°...##≈§#.
*,,,*+≈≈≈≈≈+.°.°○8.°°..+≈§#§
**+***≈≈≈≈≈##°.°○°°°○.##≈§≈§
*,,,**≈≈≈≈≈*##..○°.°°#######
**+***≈≈≈≈≈*∩####+####.○z○zz


You could see a bone dragon, a storm dragon and a deep elf high priest.

Vanquished Creatures
  Kirke (D)
  2 boulder beetles (D)
  A yaktaur captain (D)
  A centaur warrior (D)
  A skeletal warrior (D)
  A merfolk siren (D)
  An elephant (D)
  A yaktaur (D)
  A kobold demonologist (D)
  3 polar bears (D)
  A hornet (D)
  A blink frog (D)
  Menkaure (D)
  3 water moccasins (D)
  4 necrophages (D)
  4 scorpions (D)
  A spectral bat (D)
  A spectral ball python (D)
29 creatures vanquished.

Vanquished Creatures (others)
  A water moccasin (D)
  12 tentacles (D)
13 creatures vanquished.

Grand Total: 42 creatures vanquished

Notes
Turn   | Place    | Note
-------+----------+-------------------------------------------
     0 | D        | boopmooplesden the Minotaur Fighter began the quest for the
                  | Orb.
     0 | D        | Reached XP level 1. HP: 19/19 MP: 0/0
     1 | D        | Noticed a boulder beetle
     1 | D        | Noticed a boulder beetle
     5 | D        | Noticed a merfolk siren
    20 | D        | Killed a merfolk siren
    21 | D        | Reached skill level 9 in Shields
    21 | D        | Reached XP level 2. HP: 27/38 MP: 1/1
    21 | D        | Reached XP level 3. HP: 32/45 MP: 2/2
    21 | D        | Reached XP level 4. HP: 36/51 MP: 3/3
    21 | D        | Reached XP level 5. HP: 41/58 MP: 4/4
    21 | D        | Reached XP level 6. HP: 47/66 MP: 5/5
   121 | D        | Reached skill level 10 in Fighting
   126 | D        | Reached skill level 10 in Armour
   126 | D        | Reached skill level 10 in Shields
   126 | D        | Reached XP level 7. HP: 64/73 MP: 6/6
   139 | D        | Reached skill level 1 in Dodging
   161 | D        | Reached skill level 11 in Shields
   254 | D        | Noticed an obsidian statue
   260 | D        | Found Weaceef's Jewellery Emporium.
   261 | D        | Found Fiaz's Antique Weapon Emporium.
   261 | D        | Found Buisk's Distillery.
   262 | D        | Found Koecwos's Distillery.
   262 | D        | Found Nusaiz's Antique Armour Emporium.
   263 | D        | Noticed a blink frog
   267 | D        | Killed a blink frog
   268 | D        | Reached XP level 8. HP: 83/83 MP: 7/7
   272 | D        | Found Kubimo's Jewellery Shoppe.
   272 | D        | Found Zoul's Weapon Emporium.
   272 | D        | Found Isihiuph's Antique Weapon Emporium.
   272 | D        | Found Jipraum's Armour Shoppe.
   274 | D        | Found Zaprozuf's Book Shoppe.
   276 | D        | Noticed Menkaure
   297 | D        | Killed Menkaure
   300 | D        | Found Taumetu's Magic Scroll Emporium.
   300 | D        | Found Xuxil's Antique Armour Shoppe.
   300 | D        | Noticed an oklob plant
   301 | D        | Found Bony's Distillery.
   301 | D        | Found Ezyzihang's Book Shoppe.
   301 | D        | Found Mithren's Antique Armour Emporium.
   302 | D        | Noticed a great orb of eyes
   526 | D        | Bought a +2 pair of boots for 231 gold pieces
   538 | D        | Bought a glowing cloak for 187 gold pieces
   571 | D        | Found an iron altar of Okawaru.
   571 | D        | Found an opulent altar of Gozag.
   572 | D        | Found a sparkling altar of Nemelex Xobeh.
   572 | D        | Found a blossoming altar of Fedhas.
   573 | D        | Found a radiant altar of Vehumet.
   573 | D        | Found a burning altar of Makhleb.
   573 | D        | Found a white marble altar of Elyvilon.
   574 | D        | Found a hide-covered altar of Uskayaw.
   574 | D        | Found a corrupted altar of Lugonu.
   574 | D        | Found a shadowy altar of Dithmenos.
   575 | D        | Found a glowing silver altar of Zin.
   575 | D        | Found a bloodstained altar of Trog.
   575 | D        | Found an ancient bone altar of Kikubaaqudgha.
   576 | D        | Found a basalt altar of Yredelemnul.
   576 | D        | Found a shimmering blue altar of Sif Muna.
   576 | D        | Found a viscous altar of Jiyva.
   577 | D        | Found a shimmering altar of Xom.
   577 | D        | Found a sacrificial altar of Ru.
   579 | D        | Found a glowing golden altar of the Shining One.
   579 | D        | Found an ornate altar of the Wu Jian Council.
   579 | D        | Found a stormy altar of Qazlal.
   579 | D        | Found a snail-covered altar of Cheibriados.
   579 | D        | Found a hazy altar of Hepliaklqana.
   579 | D        | Noticed a hornet
   579 | D        | Noticed a polar bear
   579 | D        | Noticed a polar bear
   580 | D        | Noticed a yaktaur
   580 | D        | Noticed a polar bear
   582 | D        | Became a worshipper of Warmaster Okawaru
   589 | D        | Killed a polar bear
   590 | D        | Reached skill level 10 in Long Blades
   590 | D        | Reached skill level 12 in Shields
   593 | D        | Killed a polar bear
   593 | D        | Reached * piety under Okawaru
   598 | D        | Killed a hornet
   604 | D        | Killed a yaktaur
   605 | D        | Reached XP level 9. HP: 92/92 MP: 8/8
   607 | D        | Killed a polar bear
   607 | D        | Reached ** piety under Okawaru
   608 | D        | Reached skill level 13 in Shields
   650 | D        | Noticed a kraken
  1213 | D        | Identified 2 scrolls of acquirement
  1213 | D        | Acquired 771 gold pieces
  1217 | D        | Acquired a scarf of repulsion
  1282 | D        | Bought a shiny chain mail for 187 gold pieces
  1293 | D        | Bought a glowing plate armour for 520 gold pieces
  1451 | D        | Bought a scroll of brand weapon for 220 gold pieces
  1451 | D        | Bought a scroll of enchant weapon for 82 gold pieces
  1680 | D        | Killed a boulder beetle
  1681 | D        | Reached skill level 14 in Shields
  2049 | D        | Killed a boulder beetle
  2049 | D        | Reached *** piety under Okawaru
  2050 | D        | Reached skill level 1 in Stealth
  2050 | D        | Reached XP level 10. HP: 103/103 MP: 9/9
  2081 | D        | Noticed an orange crystal statue
  2085 | D        | Noticed Kirke
  2085 | D        | Noticed a skeletal warrior
  2104 | D        | Reached skill level 1 in Invocations
  2109 | D        | Noticed a manticore
  2125 | D        | Killed a skeletal warrior
  2126 | D        | Reached skill level 5 in Dodging
  2126 | D        | Reached skill level 15 in Shields
  2133 | D        | Noticed a yaktaur captain
  2143 | D        | Killed Kirke
  2143 | D        | Reached **** piety under Okawaru
  2143 | D        | Reached ***** piety under Okawaru
  2151 | D        | Noticed a centaur warrior
  2156 | D        | Killed a yaktaur captain
  2156 | D        | Received a gift from Okawaru
  2157 | D        | Reached skill level 15 in Fighting
  2164 | D        | Killed a centaur warrior
  2165 | D        | Reached skill level 16 in Shields
  2165 | D        | Noticed an elephant
  2179 | D        | Killed an elephant
  2180 | D        | Reached skill level 15 in Long Blades
  2180 | D        | Reached XP level 11. HP: 106/112 MP: 10/12
  2183 | D        | Noticed a storm dragon
  2184 | D        | Noticed a bone dragon
  2184 | D        | Noticed a cacodemon
  2203 | D        | Noticed a golden dragon
  2228 | D        | Noticed a deep elf high priest
  2230 | D        | HP: 4/112 [deep elf high priest/divine providence (16)]
  2239 | D        | Slain by a bone dragon

Illustrated notes

Levels and vault maps discovered:
D:        the_violet_keep_of_menkaure [sprint2_stairs_cluster_1,
          sprint2_shoproom, sprint2_temple, sprint2_basic_supplies,
          sprint2_obstacle_3, sprint2_obstacle_1, sprint2_obstacle_4,
          sprint2_obstacle_5, sprint2_obstacle_6, sprint2_timed_cluster_1,
          sprint2_smallroom_cluster_1, sprint2_smallroom_final_cluster_1,
          sprint2_transparent_cluster_1, sprint2_second_timed_cluster_1,
          sprint2_sniper_area_1, sprint2_heavy_combat_area_1,
          sprint2_mutation_trap_area_1, sprint2_forest_area_1,
          sprint2_light_combat_area_1, sprint2_behind_water_1,
          sprint2_near_end_vault_1]

Skill      XL: |  1  2  3  4  5  6  7  8  9 10 |
---------------+-------------------------------+-----
Fighting       | 9 10 11 12 14 15 | 15.3
Long Blades    | 6 7 9 11 13 15 | 15.0
Armour         | 9 10 11 12 14 | 14.4
Shields        | 9 10 11 12 14 16 | 16.2
Dodging        | 1 3 4 5 |  5.6
Stealth        | 1 2 |  2.0
Invocations    | 2 |  2.8

Action                   |  1- 3 |  4- 6 |  7- 9 | 10-12 || total
-------------------------+-------+-------+-------+-------++-------
Melee: Long sword        |    12 |    10 |   154 |    89 ||   265
       Headbutt          |     1 |     3 |    43 |    37 ||    84
Invok: Heroism           |       |       |     2 |     5 ||     7
  Use: Potion            |     1 |       |     4 |     4 ||     9
       Scroll            |       |       |    17 |       ||    17
Armor: Scale mail        |       |     1 |    23 |       ||    24
       Plate armour      |       |       |    10 |    47 ||    57
Dodge: Dodged            |     2 |     1 |    37 |    26 ||    66
       Repelled          |       |       |       |     2 ||     2
Block: Kite shield       |       |     6 |    82 |    71 ||   159
       Rpst.: Long sword |       |       |    11 |     5 ||    16
